 Dungeon Crawl Stone Soup version 0.22-a0-558-gc2241811a9 (webtiles) character file.

717 Hercules1031 the Skirmisher (level 7, 0/62 HPs)
             Began as a Hill Orc Fighter on June 25, 2018.
             Was a Follower of Beogh.
             Killed by nerve-wracking pain
             ... invoked by a shadow imp
              (3 damage)
             ... on level 5 of the Dungeon.
             The game lasted 00:14:12 (3961 turns).

Hercules1031 the Skirmisher (Hill Orc Fighter)      Turns: 3961, Time: 00:14:13

Health: 0/62       AC:  7    Str: 26    XL:     7   Next: 70%
Magic:  7/7        EV:  9    Int:  8    God:    Beogh [*.....]
Gold:   127        SH: 11    Dex: 10    Spells: 6/6 levels left

rFire    . . .     SeeInvis .   a - +0 war axe
rCold    . . .     Gourm    .   c - +1 shield
rNeg     . . .     Faith    .   b - +0 scale mail
rPois    .         Spirit   .   (no helmet)
rElec    .         Reflect  .   (no cloak)
rCorr    .         Harm     .   (no gloves)
MR       .....                  (no boots)
Stlth    ..........             (no amulet)
HPRegen  0.20/turn              (no ring)
MPRegen  0.10/turn              (no ring)

@: mighty
A: no striking features
a: Renounce Religion


You were on level 5 of the Dungeon.
You worshipped Beogh.
Beogh was aware of your devotion.
You were not hungry.

You visited 1 branch of the dungeon, and saw 5 of its levels.

You collected 127 gold pieces.

Inventory:

Hand Weapons
 a - a +0 war axe (weapon)
Armour
 b - a +0 scale mail (worn)
 c - a +1 shield (worn)
Scrolls
 e - a scroll of amnesia
 g - 2 scrolls of enchant armour
 i - a scroll of remove curse
 l - 3 scrolls of identify
 m - a scroll of magic mapping
Potions
 k - 2 potions of invisibility {unknown}
Comestibles
 f - 4 rations


   Skills:
 + Level 5.7 Fighting
 + Level 5.4 Axes
 + Level 5.2 Armour
 + Level 2.7 Dodging
 + Level 5.1 Shields


You had 6 spell levels left.
You didn't know any spells.
Your spell library was empty.

Dungeon Overview and Level Annotations

Branches:
Dungeon (5/15)
 Temple: D:4-7

Altars:
Hepliaklqana
Makhleb
Okawaru


Message History

You slash the ice beast!
You kill the ice beast!
Beogh accepts your kill.
You hit the crimson imp. You block the crimson imp's attack.
You miss the crimson imp.
The crimson imp is moderately wounded.
The crimson imp blinks!
You slash the crimson imp!
The crimson imp is almost dead.
You block the crimson imp's attack.
A shadow imp comes into view.
The crimson imp blinks!
The crimson imp blinks!
The shadow imp shouts, "Scamper away, thou quaking two-tin-hat pimple!"
The crimson imp shouts, "Turn tail, thou quaking base-court nobody!"
The crimson imp blinks!
The shadow imp shouts, "Accept thy fall, thou pottle-deep ruttish gnoll-tail!"
The shadow imp gestures at you. Pain shoots through your body!
You die...

...... ##....
######..#
##.<..5.###.#
##.....†)....#
#.......).#....#
#.........# ####
#...5.......#
#.@........##
#.........##
##..........
#.........##
#.........#
#.........
#.........
#.........


You could see a crimson imp and a shadow imp.

Vanquished Creatures
  Grinder (D:4)
  An ice beast (D:5)
  A scorpion (D:4)
  A gnoll shaman (D:4)
  A bullfrog skeleton (D:4)
  A worker ant (D:4)
  An iguana (D:4)
  A hound zombie (D:5)
  A hound skeleton (D:4)
  3 adders (D:3)
  13 gnolls
  A shadow imp (D:5)
  An ooze (D:1)
  3 worms (D:2)
  A dart slug (D:1)
  4 leopard geckos
  5 orcs
  8 giant cockroaches
  7 goblins
  3 hobgoblins
  4 jackals (D:3)
  5 quokkas
  A ball python (D:2)
  5 bats
  4 frilled lizards
  9 kobolds
  7 rats
  5 plants (D:3)
98 creatures vanquished.

Vanquished Creatures (others)
  2 orcs (D:3)
  A goblin (D:3)
  A frilled lizard (D:3)
  A rat (D:3)
  A plant (D:3)
6 creatures vanquished.

Grand Total: 104 creatures vanquished

Notes
Turn   | Place    | Note
-------+----------+-------------------------------------------
     0 | D:1      | Hercules1031 the Hill Orc Fighter began the quest for the Orb.
     0 | D:1      | Reached XP level 1. HP: 19/19 MP: 1/1
   293 | D:1      | Reached XP level 2. HP: 27/27 MP: 2/2
   586 | D:1      | Reached XP level 3. HP: 26/33 MP: 3/3
  1559 | D:2      | Reached skill level 1 in Dodging
  1786 | D:3      | Reached XP level 4. HP: 37/40 MP: 4/4
  2109 | D:3      | Became a worshipper of Beogh the Brigand
  2148 | D:3      | Found a burning altar of Makhleb.
  2153 | D:3      | Noticed a balrug
  2190 | D:3      | Found a hazy altar of Hepliaklqana.
  2672 | D:3      | Found an iron altar of Okawaru.
  2678 | D:3      | Reached XP level 5. HP: 41/47 MP: 5/5
  3102 | D:4      | Noticed Grinder
  3123 | D:4      | Killed Grinder
  3123 | D:4      | Reached skill level 5 in Fighting
  3123 | D:4      | Reached XP level 6. HP: 43/56 MP: 6/6
  3145 | D:4      | Reached * piety under Beogh
  3178 | D:4      | Reached XP level 7. HP: 44/61 MP: 7/7
  3491 | D:4      | Found a hazy altar of Hepliaklqana.
  3497 | D:4      | Reached skill level 5 in Axes
  3927 | D:5      | Entered Level 5 of the Dungeon
  3945 | D:5      | Reached skill level 5 in Armour
  3945 | D:5      | Reached skill level 5 in Shields
  3948 | D:5      | HP: 1/61 [gnoll/flail (5)]
  3961 | D:5      | Killed from afar by a shadow imp

Vault maps used:
D:1:      saegor_arrival_simple_d, hangedman_decor_growths
D:3:      wad_woods_stonehenge, makhleb_altar_promises_db,
          okawaru_altar_gauntlet_db
D:4:      kennysheep_mini, uniq_grinder
D:5:      first_ration, serial_shops, nicolae_shop_waterfront, bloody_trog,
          uniq_pikel

Skill      XL: |  1  2  3  4  5  6  7 |
---------------+----------------------+-----
Axes           | 3 4 5 |  5.4
Fighting       | 4 5 |  5.7
Dodging        | 1 2 |  2.7
Armour         | 4 5 |  5.2
Shields        | 4 5 |  5.1

Action                   |  1- 3 |  4- 6 |  7- 9 || total
-------------------------+-------+-------+-------++-------
Melee: War axe           |   122 |   196 |    47 ||   365
Invok: Convert to Beogh  |       |     1 |       ||     1
  Use: Potion            |     3 |     2 |     3 ||     8
       Scroll            |       |     6 |     2 ||     8
  Eat: Ration            |     1 |     2 |       ||     3
Armor: Scale mail        |    42 |    62 |    23 ||   127
Dodge: Dodged            |    43 |    79 |    26 ||   148
Block: Shield            |    77 |    91 |    42 ||   210

Table legend:
 A = Spawn XP
 B = Non-spawn XP
 C = Spawn XP percentage of total XP
 D = Spawn monster count
 E = Non-spawn monster count
 F = Spawn count percentage of total count
 G = Total turns spent on level
                    A         B        C        D         E        F      G
               +---------+---------+-------+---------+---------+-------+---------
         Total |       0 |    1025 |   0.0 |       0 |      93 |   0.0 |  3961
               +---------+---------+-------+---------+---------+-------+---------
           D:1 |       0 |      38 |   0.0 |       0 |      17 |   0.0 |   766
           D:2 |       0 |      39 |   0.0 |       0 |      19 |   0.0 |  1000
           D:3 |       0 |     105 |   0.0 |       0 |      30 |   0.0 |  1307
           D:4 |       0 |     627 |   0.0 |       0 |      20 |   0.0 |   854
           D:5 |       0 |     216 |   0.0 |       0 |       7 |   0.0 |    34
               +---------+---------+-------+---------+---------+-------+---------
